 Dungeon Crawl Stone Soup version 0.25.0-9-g26727b657a (webtiles) character file.

Game seed: 5604569357399793065

625 Delamore the Basher (level 7, -2/41 HPs)
             Began as a Gargoyle Fighter on June 18, 2020.
             Was a Follower of Okawaru.
             Slain by an ogre
             ... wielding a +0 giant club
              (21 damage)
             ... on level 4 of the Dungeon.
             The game lasted 00:03:57 (4214 turns).

Delamore the Basher (Gargoyle Fighter)              Turns: 4214, Time: 00:03:57

Health: -2/41      AC: 12    Str: 21    XL:     7   Next: 47%
Magic:  7/7        EV:  3    Int:  9    God:    Okawaru [*.....]
Gold:   262        SH:  9    Dex:  9    Spells: 6/6 levels left

rFire    . . .     SeeInvis .   a - +0 flail
rCold    . . .     Gourm    .   c - +0 kite shield
rNeg     + . .     Faith    .   b - +0 scale mail
rPois    ∞         Spirit   .   (no helmet)
rElec    +         Reflect  .   v - +0 cloak
rCorr    .         Harm     .   (no gloves)
MR       .....                  (no boots)
Stlth    ..........             w - amulet of regeneration
HPRegen  0.53/turn              q - -4 ring of evasion (curse)
MPRegen  0.10/turn              (no ring)

@: no status effects
A: negative energy resistance 1, electricity resistance, unbreathing,
petrification resistance, rot immunity, AC +4
a: Heroism, Renounce Religion


You were on level 4 of the Dungeon.
You worshipped Okawaru.
Okawaru was aware of your devotion.
You were not hungry.

You visited 1 branch of the dungeon, and saw 7 of its levels.

You collected 262 gold pieces.

Inventory:

Hand Weapons
 a - a +0 flail (weapon)
Armour
 b - a +0 scale mail (worn)
 c - a +0 kite shield (worn)
 v - a +0 cloak (worn)
Jewellery
 q - a cursed -4 ring of evasion (left hand)
 w - an amulet of regeneration (around neck)
Wands
 h - a wand of random effects (35)
Scrolls
 e - 3 scrolls of remove curse {unknown}
 i - 7 scrolls of identify {unknown}
 j - 3 scrolls of enchant weapon {unknown}
 k - 3 scrolls of magic mapping {unknown}
 n - a scroll of enchant armour {unknown}
 o - 3 scrolls of teleportation {unknown}
 p - a scroll of amnesia {unknown}
Potions
 g - 5 potions of curing {unknown}
 l - 2 potions of lignification {unknown}
 m - a potion of haste {unknown}
 r - a potion of resistance {unknown}
 s - a potion of mutation {unknown}
 t - a potion of ambrosia {unknown}
 u - a potion of stabbing {unknown}
 x - 2 potions of degeneration {unknown}
Comestibles
 d - a chunk of flesh
 f - 8 rations


   Skills:
 - Level 3.2 Fighting
 + Level 8.1 Maces & Flails
 - Level 3.2 Armour
 - Level 3.2 Shields


You had 6 spell levels left.
You didn't know any spells.
Your spell library contained the following spells:

 Spells                   Type           Power        Failure   Level  Hunger
 Corona                   Hex            #......      99%         1    ##.....
 Ensorcelled Hibernation  Hex/Ice        #.....       100%        2    ###....
 Confusing Touch          Hex            #.......     100%        3    ####...
 Dazzling Flash           Conj/Hex       #.....       100%        3    ####...
 Tukima's Dance           Hex            #.......     100%        3    ####...


Dungeon Overview and Level Annotations

Branches:
Dungeon (7/15)
 Temple: D:4-7

Altars:
Ashenzari
Dithmenos
Fedhas
Nemelex Xobeh
Okawaru
Qazlal
Sif Muna
Uskayaw

Annotations:
D:6 Grinder


Innate Abilities, Weirdness & Mutations

You are resistant to torment.
Your stone body is resilient. (AC +4)
You are immune to poison.
You resist negative energy. (rN+)
You are resistant to electric shocks. (rElec)
You can survive without breathing.
You are immune to petrification.
You are immune to rotting.


Message History

You are too injured to fight recklessly!
You are too injured to fight recklessly!
You are too injured to fight recklessly!
You are too injured to fight recklessly!
You are too injured to fight recklessly!
You are too injured to fight recklessly!
You are too injured to fight recklessly!
You are too injured to fight recklessly!
You are too injured to fight recklessly!
You are too injured to fight recklessly!
You are too injured to fight recklessly!
You are too injured to fight recklessly!
The ogre hits you with a +0 giant club.
* * * LOW HITPOINT WARNING * * *
The ogre hits you with a +0 giant club!
* * * LOW HITPOINT WARNING * * *
You see here a scale mail.
The ogre hits you with a +0 giant club!!
Ouch! That really hurt!
You die...

.........# #.#.#.##........#
.........###.#.#...........#
..........##.#.#####.......#
..........##.#.............#
..#######....######........#
..# #....)).......#........#
..# #...........#.......####
..# #............O.<....#
### #.......>...@[......# #
#...................#
###....#'#.#........#
#.##.#.#.#........#
#.##.#÷#.###......#
#.##.#.#..........#
#.##.#.#####......#
#.##.#.....'......#
#######.##.#######......#


You could see an ogre.

Vanquished Creatures
  Eustachio (D:5)
  Duvessa (D:4)
  Dowan (D:4)
  A crimson imp (D:5)
  An orc priest (D:4)
  A bullfrog skeleton (D:4)
  A hound (D:5)
  2 worker ants
  6 adders
  An adder skeleton (D:4)
  2 worms (D:3)
  3 dart slugs
  5 orcs
  2 ball pythons
  3 giant cockroaches
  6 goblins
  10 hobgoblins
  12 jackals
  6 quokkas
  8 bats
  9 frilled lizards
  2 kobolds (D:3)
  A leopard gecko skeleton (D:4)
  8 rats
93 creatures vanquished.

Notes
Turn   | Place    | Note
-------+----------+-------------------------------------------
     0 | D:1      | Delamore the Gargoyle Fighter began the quest for the Orb.
     0 | D:1      | Reached XP level 1. HP: 14/14 MP: 1/1
    97 | D:1      | Reached XP level 2. HP: 13/19 MP: 2/2
   407 | D:1      | Reached skill level 3 in Maces & Flails
  1174 | D:2      | Reached XP level 3. HP: 23/23 MP: 3/3
  1251 | D:2      | Found a stormy altar of Qazlal.
  1571 | D:2      | Reached skill level 4 in Maces & Flails
  1824 | D:2      | Reached XP level 4. HP: 28/28 MP: 4/4
  2688 | D:3      | Reached skill level 5 in Maces & Flails
  2688 | D:3      | Reached XP level 5. HP: 31/32 MP: 5/5
  3596 | D:4      | You fall into a shaft and drop 3 floors!
  3608 | D:6      | Found a shimmering blue altar of Sif Muna.
  3608 | D:6      | Found a shadowy altar of Dithmenos.
  3608 | D:6      | Found a shattered altar of Ashenzari.
  3608 | D:6      | Found a blossoming altar of Fedhas.
  3609 | D:6      | Found an iron altar of Okawaru.
  3609 | D:6      | Noticed Grinder
  3610 | D:6      | Found a hide-covered altar of Uskayaw.
  3610 | D:6      | Found a sparkling altar of Nemelex Xobeh.
  3610 | D:6      | Noticed an ogre
  3653 | D:6      | Became a worshipper of Warmaster Okawaru
  3714 | D:5      | Entered Level 5 of the Dungeon
  3714 | D:5      | Noticed Eustachio
  3751 | D:5      | Killed Eustachio
  3751 | D:5      | Reached skill level 6 in Maces & Flails
  3751 | D:5      | Reached XP level 6. HP: 36/37 MP: 6/6
  3825 | D:5      | Reached skill level 7 in Maces & Flails
  3849 | D:5      | Reached XP level 7. HP: 41/41 MP: 7/7
  3947 | D:4      | Noticed Dowan
  3947 | D:4      | Noticed Duvessa
  3956 | D:4      | Killed Dowan
  3981 | D:4      | Killed Duvessa
  3981 | D:4      | Reached * piety under Okawaru
  3981 | D:4      | Reached skill level 8 in Maces & Flails
  4214 | D:4      | Slain by an ogre

Illustrated notes

Levels and vault maps discovered:
D:1:      dpeg_arrival_water_fire, layout_basic
D:2:      layout_basic, lemuel_altar_in_water
D:3:      layout_loops_ring, guppyfry_early_orc_mine
D:4:      layout_basic, first_ration, uniq_duvessa
D:5:      layout_loops_corners, uniq_eustachio
D:6:      layout_basic, grunt_temple_overflow_open, temple_fountains,
          serial_shops, nicolae_shop_overgrown_old_shop,
          hellmonk_ghost_happy_afterlife, uniq_prince_ribbit1, uniq_grinder
D:7:      layout_basic, grunt_livestock, uniq_joseph, uniq_menkaure

Skill      XL: |  1  2  3  4  5  6  7 |
---------------+----------------------+-----
Maces & Flails | 3 4 5 6 7 8 |  8.1
Fighting       | |  3.2
Armour         | |  3.2
Shields        | |  3.2

Action                   |  1- 3 |  4- 6 |  7- 9 || total
-------------------------+-------+-------+-------++-------
Melee: Flail             |   151 |   229 |    55 ||   435
  Use: Potion            |       |     1 |       ||     1
  Eat: Chunk             |     3 |     7 |     1 ||    11
Armor: Scale mail        |   103 |   238 |    27 ||   368
Dodge: Dodged            |    67 |    44 |     5 ||   116
Block: Kite shield       |   104 |   147 |    27 ||   278
